 Dungeon Crawl Stone Soup version 0.30-a0-605-gb2882149bf (webtiles) character file.

Game seed: 4798191479964600878

154 cforsyth the Sneak (level 5, -1/42 HPs)
             Began as a Demonspawn Delver on Jan 7, 2023.
             Shot with an arrow by a centaur (13 damage)
             ... on level 5 of the Dungeon.
             The game lasted 00:04:02 (442 turns).

cforsyth the Sneak (Demonspawn Delver)               Turns: 442, Time: 00:04:02

Health: -1/42      AC:  4    Str: 12    XL:     5   Next: 13%
Magic:  5/5        EV: 12    Int: 13    God:
Gold:   24         SH:  0    Dex: 15    Spells: 4/4 levels left

rFire   . . .      SeeInvis .    i - +4 trident of Ifeamm {flame, rPois}
rCold   . . .      Faith    .    (no shield)
rNeg    . . .      Spirit   .    b - +0 leather armour
rPois   +          Reflect  .    (helmet restricted)
rElec   .          Harm     .    f - +0 cloak
rCorr   .          Rampage  .    (no gloves)
Will    .....                    (no boots)
Stlth   +++                      (no amulet)
HPRegen 0.27/turn                (no ring)
MPRegen 0.18/turn                (no ring)

@: no status effects
A: horns 1, powered by pain 1, magic regeneration
a: no special abilities


You were on level 5 of the Dungeon.
You visited 1 branch of the dungeon, and saw 1 of its levels.

You collected 24 gold pieces.

Inventory:

Hand Weapons
 a - a +0 falchion
 i - the +4 trident of Ifeamm (weapon) {flame, rPois}
   (You found it on level 5 of the Dungeon)

   rPois:     It protects you from poison.
Armour
 b - a +0 leather armour (worn)
 f - a +0 cloak (worn)
Wands
 g - a wand of digging (3)
Scrolls
 c - a scroll of fog
 d - a scroll of magic mapping
 j - a scroll of brand weapon {unknown}
 k - 3 scrolls of amnesia {unknown}
Potions
 e - a potion of curing {unknown}
 h - a potion of mutation {unknown}


   Skills:
 + Level 4.1 Fighting
 - Level 1.7 Long Blades
 + Level 2.3 Armour
 + Level 3.1 Dodging
 - Level 4.5 Stealth


You had 4 spell levels left.
You didn't know any spells.
Your spell library was empty.

Dungeon Overview and Level Annotations

Branches:
Dungeon (5/15)
 Temple: D:4-7

Altars:


Innate Abilities, Weirdness & Mutations

You have a pair of small horns on your head.
You sometimes gain a little power by taking damage.
You regenerate magic rapidly.


Message History

You hit the scorpion but do no damage. You headbutt the scorpion.
The scorpion is almost dead.
The scorpion stings you but does no damage.
The scorpion stings you.
You hit the scorpion but do no damage.
The scorpion is almost dead.
The scorpion barely misses you.
You hit the scorpion.
You kill the scorpion!
Your Fighting skill increases to level 4!
Your Armour skill increases to level 2!
Your Dodging skill increases to level 3!
You have reached level 5!
Unknown command.
You start waiting.
Done waiting.
Found an escape hatch in the ceiling.
You see here the +4 trident of Ifeamm {flame, rPois}.
i - the +4 trident of Ifeamm {flame, rPois} Unknown command.
The +4 trident of Ifeamm {flame, rPois} bursts into flame!
i - the +4 trident of Ifeamm (weapon)
{flame, rPois} You now have 24 gold pieces (gained 17).
j - a scroll labelled WONAEP EMUPHE
k - 3 scrolls labelled EWNIYNOGEO An orc priest and 2 orcs come into view.
Unknown command.
A centaur comes into view.
Found a whip.
Found a stone staircase leading down.
The centaur shouts!
The centaur wields a +0 shortbow.
The centaur shoots an arrow.
The arrow hits you!
The centaur shoots an arrow.
The arrow barely misses you.
The centaur shoots an arrow.
The arrow hits you.
The centaur shoots an arrow.
The arrow hits you.
The centaur shoots an arrow.
The arrow hits you!
The centaur shoots an arrow.
The arrow hits you.
* * * LOW HITPOINT WARNING * * *
The centaur shoots an arrow.
The arrow hits you!
You die...

#.........# #..).c....# #
..........#.#####
#...............##########
#.........#.###...........
#..###......########.
##..#######.## ## #..##
#..########
########..@######..........
#######..................########
........######.#..######.#####
######### #....# #.....#### #
###..# #####....# # #..##
##..<... # #...## ####..####. .
#####.#..###....## . oo
#............####


You could see a centaur.

Vanquished Creatures
  2 scorpions (D:5)
  An iguana (D:5)
  A gnoll (D:5)
4 creatures vanquished.

Notes
Turn   | Place    | Note
-------+----------+-------------------------------------------
     0 | D:5      | cforsyth the Demonspawn Delver began the quest for the Orb.
     0 | D:5      | Reached XP level 1. HP: 18/18 MP: 1/1
     8 | D:5      | Noticed an iguana
    44 | D:5      | Gained mutation: You sometimes gain a little power by
                  | taking damage. [demonic ancestry]
    44 | D:5      | Reached XP level 2. HP: 13/24 MP: 2/2
    45 | D:5      | Noticed a scorpion
    61 | D:5      | Reached skill level 1 in Armour
    61 | D:5      | Gained mutation: You have a pair of small horns on your
                  | head. [demonic ancestry]
    61 | D:5      | Reached XP level 3. HP: 12/29 MP: 3/3
    97 | D:5      | Killed a scorpion
    98 | D:5      | Gained mutation: You regenerate magic rapidly. [demonic
                  | ancestry]
    98 | D:5      | Reached XP level 4. HP: 25/37 MP: 4/4
   200 | D:5      | Noticed a scorpion
   224 | D:5      | Killed a scorpion
   225 | D:5      | Reached XP level 5. HP: 42/42 MP: 5/5
   340 | D:5      | Identified the +4 trident of Ifeamm {flame, rPois}
   437 | D:5      | Noticed a centaur
   442 | D:5      | Shot with an arrow by a centaur

Illustrated notes

Levels and vault maps discovered:
D:5:      layout_rooms, uniq_edmund

Skill      XL: |  1  2  3  4 |
---------------+-------------+-----
Dodging        | 2 3 |  3.1
Armour         | 1 2 |  2.3
Fighting       | 4 |  4.1
Long Blades    | |  1.7
Stealth        | |  4.5

Action                   |  1- 3 |  4- 6 || total
-------------------------+-------+-------++-------
Melee: Falchion          |    12 |     6 ||    18
       Headbutt          |       |     2 ||     2
  Use: Scroll            |     1 |       ||     1
       Potion            |     1 |       ||     1
 Stab: Sleeping          |     1 |       ||     1
Armor: Leather armour    |     1 |     2 ||     3
Dodge: Dodged            |     4 |     6 ||    10

Table legend: (Time is in decaauts)
 A = Elapsed time spent in this place.
 B = Non-inter-level travel time spent in this place.
 C = Inter-level travel time spent in this place.
 D = Time resting spent in this place.
 E = Time spent auto-exploring this place.
 F = Levels seen in this place.
 G = Mean time per level.
                   A        B        C        D        E       F      G
               +--------+--------+--------+--------+--------+-----+--------+
         Total |    430 |    430 |      0 |    164 |     38 |   1 |  430.0 |
       Dungeon |    430 |    430 |      0 |    164 |     38 |   1 |  430.0 |
               +--------+--------+--------+--------+--------+-----+--------+

Top non-repeatable levels by time:
     D:5: 430 daAuts
